Map: Moonlight Madness LE (Void)

Players

IIIIIIIIIIII - Winner!

  • Race: Zerg Zerg
  • League: Grandmaster

wabbajack

  • Race: Zerg Zerg
  • League: Gold

VOD

Have the link to the VOD?

Description

Time

  • Played on: July 20, 2015, 12:02 p.m.
  • Length: 7:10
Show
View Real Time Build Order
Export as new Build Order

IIIIIIIIIIII Zerg - Winner!

Build Orders: Pool First 

Get SALT Encoding   

  12  0:02  Drone  
  13  0:09  Drone  
  14  0:16  Extractor  
  14  0:17  Drone  
  14  0:33  Spawning Pool  
  13  0:40  Drone  
  14  0:45  Overlord  
  14  0:59  Extractor  
  14  1:00  Drone  
  15  1:05  Drone x2  
  17  1:15  Drone  
  18  1:22  Queen  
  20  1:27  Metabolic Boost  
  20  1:38  Baneling Nest  
  20  1:39  Drone  
  20  1:43  Drone  
  21  2:06  Hatchery  
  20  2:10  Zergling x2  
  20  2:11  Zergling x2  
  22  2:16  Overlord  
  22  2:34  Overlord, Zergling x2  
  22  2:35  Zergling x4  
  22  2:36  Zergling x2  
  26  2:43  Zergling x2  
  27  2:49  Zergling x2  
  28  2:59  Zergling x2  
  28  3:03  Zergling x8  
  33  3:06  Baneling x3  
  33  3:07  Baneling  
  31  3:31  Zergling x2  
  31  3:32  Zergling x6  
  33  3:36  Drone x4  
  32  3:51  Drone  
  32  3:52  Drone x3  
  32  4:08  Roach Warren  
  28  4:37  Drone x5, Overlord x2  
  33  4:39  Overlord  
  32  4:53  Roach  
  32  4:54  Overlord x2  
  32  4:55  Lair  
  32  4:57  Roach x2  
  32  4:58  Roach  
  40  5:09  Extractor  
  39  5:14  Drone  
  39  5:16  Evolution Chamber  
  39  5:17  Roach x2  
  43  5:25  Roach x2  
  47  5:29  Queen  
  47  5:32  Roach x3  
  55  5:38  Spine Crawler  
  55  5:42  Roach x2  
  58  5:46  Roach  
  58  5:48  Roach  
  62  5:57  Roach  
  64  6:16  Extractor  
  63  6:22  Zergling x2  
  63  6:23  Zergling x12  
  52  6:40  Roach  
  52  6:41  Roach x3  
  52  6:42  Zergling x2  
  60  6:49  Zergling x6  
Show
View Real Time Build Order
Export as new Build Order

wabbajack Zerg 

Build Orders: Pool First 

Get SALT Encoding   

  12  0:01  Drone  
  13  0:13  Overlord  
  13  0:17  Drone  
  14  0:34  Spawning Pool  
  13  0:38  Drone  
  13  0:42  Drone  
  15  0:46  Drone  
  15  0:49  Extractor  
  15  0:52  Drone  
  16  1:14  Drone  
  16  1:15  Drone  
  18  1:21  Queen  
  18  1:25  Overlord  
  20  1:47  Hatchery  
  19  1:57  Queen  
  19  2:01  Drone  
  22  2:02  Drone  
  22  2:08  Drone  
  24  2:18  Roach Warren  
  23  2:26  Overlord  
  23  2:36  Spine Crawler  
  22  3:03  Roach  
  22  3:04  Roach x3  
  30  3:07  Roach  
  30  3:08  Roach x2  
  33  4:00  Queen  
  35  4:04  Drone x2  
  35  4:05  Drone  
  35  4:06  Drone  
  35  4:07  Drone  
  35  4:09  Overlord x2  
  40  4:13  Metabolic Boost  
  40  4:30  Spine Crawler  
  38  4:43  Drone x2  
  40  4:49  Roach  
  40  4:50  Roach x6  
  40  4:52  Roach  
  53  5:03  Drone  
  53  5:04  Drone  
  53  5:05  Drone  
  53  5:06  Drone  
  57  5:13  Overlord  
  57  5:25  Overlord  
  57  5:42  Zergling x12  
  63  5:43  Zergling x6  
  66  5:50  Overlord  
  66  5:53  Zergling x6  
  65  6:13  Zergling x2  
  65  6:14  Zergling x8  
  70  6:21  Zergling x12  
  70  6:22  Zergling x2  
  72  6:29  Zergling x2  
  72  6:30  Zergling x4  
Tags
 
Add a new tag
Caveats
  • Supply blocks, unpowered buildings, or Contaminate may cause inaccurate times.
  • Supply counts are checked every 10 seconds.